 Dungeon Crawl Stone Soup version 0.23.2-30-g0e89c35649 (webtiles) character file.

Game seed: 340814463628826256

2988 dengdeng the Cleaver (level 9, -15/118 HPs)
             Began as a Minotaur Berserker on June 7, 2019.
             Was a High Priest of Trog.
             Demolished by a two-headed ogre
             ... wielding a +2 dire flail of flaming
              (20 damage)
             ... on level 7 of the Dungeon on June 14, 2019.
             The game lasted 00:26:26 (6249 turns).

dengdeng the Cleaver (Minotaur Berserker)           Turns: 6249, Time: 00:26:27

Health: -15/118    AC: 14    Str: 29    XL:     9   Next: 53%
Magic:  8/8        EV: 13    Int:  4    God:    Trog [*****.]
Gold:   391        SH:  0    Dex: 14    Spells: 8/8 levels left

rFire    . . .     SeeInvis .   n - +0 war axe
rCold    . . .     Gourm    .   (no shield)
rNeg     . . .     Faith    .   o - +0 chain mail
rPois    .         Spirit   .   (helmet restricted)
rElec    .         Reflect  .   (no cloak)
rCorr    .         Harm     .   i - +0 pair of gloves {Dex+3}
MR       .....                  F - +0 pair of boots
Stlth    ..........             m - amulet of the acrobat
HPRegen  0.29/turn              j - +2 ring of evasion
MPRegen  0.11/turn              (no ring)

@: berserking, very quick
A: retaliatory headbutt, horns 2
a: Berserk, Trog's Hand, Brothers in Arms, Renounce Religion


You were on level 7 of the Dungeon.
You worshipped Trog.
Trog was extremely pleased with you.
You were hungry.

You visited 1 branch of the dungeon, and saw 7 of its levels.
You also visited: Ossuary.

You collected 499 gold pieces.
You spent 108 gold pieces at shops.

Inventory:

Hand Weapons
 n - a +0 war axe (weapon)
 D - a +0 dire flail of crushing
Missiles
 g - 233 stones (quivered)
Armour
 i - a +0 pair of gloves of dexterity (worn)
 o - a +0 chain mail (worn)
 F - a +0 pair of boots (worn)
Jewellery
 j - a +2 ring of evasion (left hand)
 m - an amulet of the acrobat (around neck)
 E - an uncursed ring of stealth {unknown}
Wands
 u - a wand of acid (4)
Scrolls
 b - 4 scrolls of identify
 f - 5 scrolls of teleportation {unknown}
 h - 7 scrolls of remove curse
 p - a scroll of blinking {unknown}
 r - a scroll of noise {unknown}
 t - 2 scrolls of amnesia {unknown}
 y - a scroll of random uselessness {unknown}
 A - 2 scrolls of immolation {unknown}
 B - a scroll of enchant armour
 C - a scroll of enchant weapon {unknown}
 G - 3 scrolls of magic mapping {unknown}
Potions
 a - 4 potions of invisibility {unknown}
 d - 2 potions of might {unknown}
 e - 4 potions of flight {unknown}
 k - 2 potions of heal wounds {unknown}
 l - 5 potions of curing {unknown}
 q - 2 potions of berserk rage {unknown}
 s - a potion of resistance {unknown}
 v - a potion of brilliance {unknown}
 w - a potion of mutation {unknown}
 x - 2 potions of magic {unknown}
 z - a potion of cancellation {unknown}
 I - a potion of haste {unknown}
Comestibles
 c - 20 rations
 H - 9 chunks of flesh


   Skills:
 + Level 7.6 Fighting
 + Level 10.9 Axes
 + Level 0.7 Throwing
 * Level 9.4 Armour
 + Level 4.0 Dodging
 + Level 0.9 Stealth


You had 8 spell levels left.
You didn't know any spells.
Your spell library was empty.

Dungeon Overview and Level Annotations

Branches:
Dungeon (7/15)             Temple (0/1) D:4

Altars:
Ru
Trog
Beogh

Shops:
D:5 *[?*

Annotations:
D:7 konso's ghost, novice FeSk


Innate Abilities, Weirdness & Mutations

You reflexively headbutt those who attack you in melee.
You have a pair of horns on your head.


Message History

You feel yourself moving faster!
You feel mighty!
You are feeling hungry.
The moth of wrath bites you! The two-headed ogre barely misses you.
You furiously retaliate!
You headbutt the two-headed ogre!
The two-headed ogre hits you with a +0 giant spiked club of speed!!
You closely miss the moth of wrath. You slash the two-headed ogre!
The two-headed ogre hits you with a +2 dire flail of flaming!!
The two-headed ogre burns you!
The two-headed ogre hits you with a +0 giant spiked club of speed!!
* * * LOW HITPOINT WARNING * * *
Unknown command.
You closely miss the moth of wrath. You slash the ogre!
You hit the two-headed ogre. The moth of wrath bites you!
* * * LOW HITPOINT WARNING * * *
You slash the moth of wrath! Your headbutt misses the moth of wrath.
The moth of wrath is lightly wounded.
You hit the ogre. You slash the two-headed ogre!
The two-headed ogre closely misses you.
The two-headed ogre hits you with a +0 giant spiked club of speed!!
You die...

##...#.
#.......##
§#o######......#
. ##$((≈
..#.....## .#
.._.###.#....##
#. .§.....#..###
#. §§....##..#
#..##.....#...
#.OyOW.# #.@.#
##### ..%©...
###......#
##?..### #####


You could see a two-headed ogre (berserk), a moth of wrath, an ogre and konso's
ghost.

Vanquished Creatures
  The ghost of Terandir the Chopper, an amateur MiFi (D:4)
  A spriggan (D:7)
  Edmund (D:6)
  An orc warrior (D:6)
  2 ice beasts
  A black bear (D:5)
  A phantom (D:7)
  An ogre (D:5)
  4 centaurs
  The ghost of troglodite the Conjurer, an amateur OpCj (D:3)
  5 bullfrogs
  3 scorpions
  A howler monkey (D:5)
  2 crimson imps
  A bullfrog zombie (D:7)
  A bullfrog skeleton (D:3)
  2 hounds
  6 orc priests
  2 jellies
  3 orc wizards
  Terence (D:3)
  5 worker ants
  A big kobold zombie (Ossuary)
  A hound zombie (Ossuary)
  2 hound skeletons (D:4)
  4 mummies (Ossuary)
  4 gnolls (D:4)
  5 adders
  2 shadow imps (D:6)
  4 oozes
  3 adder zombies
  An adder skeleton (D:4)
  3 worms
  4 dart slugs
  5 leopard geckos
  29 orcs
  3 ball pythons
  10 bats
  9 giant cockroaches
  9 goblins
  12 hobgoblins
  2 jackals
  2 quokkas
  12 frilled lizards
  A gnoll zombie (Ossuary)
  A goblin zombie (Ossuary)
  A jackal zombie (Ossuary)
  8 kobolds
  A kobold zombie (Ossuary)
  A leopard gecko skeleton (D:4)
  A leopard gecko zombie (D:5)
  2 orc zombies (Ossuary)
  9 rats
  3 rat zombies (Ossuary)
201 creatures vanquished.

Notes
Turn   | Place    | Note
-------+----------+-------------------------------------------
     0 | D:1      | dengdeng the Minotaur Berserker began the quest for the
                  | Orb.
     0 | D:1      | Reached XP level 1. HP: 19/19 MP: 0/0
    62 | D:1      | Reached XP level 2. HP: 21/27 MP: 1/1
   261 | D:1      | Reached skill level 4 in Axes
   559 | D:1      | Reached ** piety under Trog
   592 | D:2      | Reached XP level 3. HP: 33/33 MP: 2/2
  1038 | D:2      | Reached XP level 4. HP: 28/41 MP: 3/3
  1613 | D:3      | Noticed Terence
  1619 | D:2      | Reached *** piety under Trog
  1768 | D:2      | Reached skill level 5 in Axes
  1768 | D:2      | Reached XP level 5. HP: 29/47 MP: 4/4
  2089 | D:3      | Killed Terence
  2266 | D:3      | Found a runed translucent gate.
  2288 | D:3      | Reached XP level 6. HP: 55/55 MP: 5/5
  2319 | D:3      | Reached skill level 5 in Fighting
  2614 | D:3      | Identified the +8 dagger of Ashenzari's Favour {pierce,
                  | *Slow Dex+3}
  2614 | D:3      | Identified the cursed +0 ring mail "Pase Keu" {*Slow +Fly
                  | rPois rCorr}
  2615 | D:3      | Found a runed translucent gate.
  2615 | D:3      | Noticed troglodite's ghost (amateur OpCj)
  2616 | D:3      | Found a runed translucent gate.
  2623 | D:3      | Found a roughly hewn altar of Beogh.
  2637 | D:3      | Killed troglodite's ghost
  2637 | D:3      | Reached skill level 6 in Axes
  2716 | D:4      | Found a sand-covered staircase.
  2722 | Ossuary  | Entered an ossuary
  2751 | Ossuary  | Reached skill level 5 in Armour
  3030 | Ossuary  | Reached **** piety under Trog
  3120 | D:4      | Reached XP level 7. HP: 55/61 MP: 6/6
  3192 | D:4      | Found a sacrificial altar of Ru.
  3244 | D:4      | Found a staircase to the Ecumenical Temple.
  3322 | D:4      | Reached skill level 7 in Axes
  3512 | D:4      | Noticed Terandir's ghost (amateur MiFi)
  3523 | D:4      | Found a runed translucent door.
  3720 | D:4      | Killed Terandir's ghost
  3756 | D:5      | Entered Level 5 of the Dungeon
  3760 | D:5      | Reached skill level 8 in Axes
  3760 | D:5      | Reached XP level 8. HP: 70/70 MP: 7/7
  3838 | D:5      | Found Nyco's Assorted Antiques.
  3895 | D:5      | Found Jeedanir's Armour Shop.
  4348 | D:5      | Reached skill level 9 in Axes
  4420 | D:5      | Found Nakat's General Store.
  4423 | D:5      | Bought a scroll of remove curse for 33 gold pieces
  4508 | D:5      | Found Jerphu's Magic Scroll Emporium.
  4512 | D:5      | Bought a scroll of enchant armour for 75 gold pieces
  5393 | D:6      | Reached ***** piety under Trog
  5393 | D:6      | Reached XP level 9. HP: 78/78 MP: 8/8
  5506 | D:6      | Noticed Edmund
  5515 | D:6      | Killed Edmund
  5515 | D:6      | Reached skill level 10 in Axes
  6147 | D:7      | Noticed a moth of wrath
  6152 | D:7      | Found a transporter.
  6244 | D:7      | Found a bloodstained altar of Trog.
  6245 | D:7      | Noticed a two-headed ogre
  6245 | D:7      | Noticed konso's ghost (novice FeSk)
  6248 | D:7      | HP: 5/118 [moth of wrath (16)]
  6249 | D:7      | Demolished by a two-headed ogre

Skill      XL: |  1  2  3  4  5  6  7  8  9 |
---------------+----------------------------+-----
Fighting       | 4 5 6 7 |  7.6
Axes           | 4 5 6 8 9 10 | 10.9
Armour         | 3 4 5 6 8 9 |  9.4
Dodging        | 3 4 |  4.0
Throwing       | |  0.7
Stealth        | |  0.9

Action                   |  1- 3 |  4- 6 |  7- 9 || total
-------------------------+-------+-------+-------++-------
Melee: Hand axe          |    78 |    55 |       ||   133
       Headbutt          |    15 |    33 |    51 ||    99
       War axe           |       |    76 |   188 ||   264
Throw: Stone             |     5 |    10 |       ||    15
Invok: Berserk           |       |     1 |     4 ||     5
  Use: Scroll            |       |       |     3 ||     3
 Stab: Paralysed         |       |       |     1 ||     1
  Eat: Chunk             |       |     6 |    15 ||    21
Armor: Animal skin       |     6 |       |       ||     6
       Leather armour    |     4 |       |       ||     4
       Ring mail         |    15 |    17 |       ||    32
       Chain mail        |       |    44 |    66 ||   110
Dodge: Dodged            |    63 |    95 |   122 ||   280
